 Dungeon Crawl Stone Soup version 0.31.0-11-ge490571c62 (webtiles) character file.

Game seed: 16933024390720016397

46 Killerpretzel the Changeling (level 3, -6/23 HPs)
             Began as an Octopode Shapeshifter on Feb 9, 2024.
             Mangled by a gnoll
             ... wielding a +0 flail
             ... led by a gnoll bouda
              (7 damage)
             ... on level 2 of the Dungeon.
             The game lasted 00:03:16 (1501 turns).

Killerpretzel the Changeling (OpSh)                 Turns: 1501, Time: 00:03:17

Health: -6/23      AC:  1    Str: 13    XL:     3   Next: 66%
Magic:  3/3        EV: 13    Int: 12    God:
Gold:   173        SH:  0    Dex: 13    Spells: 2/2 levels left

rFire   . . .        n - +0 short sword
rCold   . . .        (no shield)
rNeg    . . .        (helmet currently unavailable)
rPois   .            (no amulet)
rElec   .            g - ring of resist corrosion
rCorr   +            (no ring)
SInv    .            (no ring)
Will    .....        (no ring)
Stlth   ++           (no ring)
HPRegen 0.23/turn    (no ring)
MPRegen 0.08/turn    (no ring)
                     (no ring)

%: no passive effects
@: lethally poisoned (-6 -> -16), beast-form
A: beast (slay +2), almost no armour, amphibious, 8 rings, camouflage 1,
gelatinous body 1, (nimble swimmer 1), tentacles
a: Begin Untransformation


You were on level 2 of the Dungeon.
You were a hulking beast.
You visited 1 branch of the dungeon, and saw 3 of its levels.

You collected 173 gold pieces.

Inventory:

Hand Weapons
 n - a +0 short sword (weapon)
Missiles
 m - 2 boomerangs (quivered)
Jewellery
 g - a ring of resist corrosion (left tentacle)
Talismans
 b - a beast talisman
 c - a flux talisman
Scrolls
 d - 2 scrolls of teleportation {unknown}
 f - a scroll of vulnerability {unknown}
 h - a scroll of torment {unknown}
 j - a scroll of noise {unknown}
 k - a scroll of immolation {unknown}
 l - a scroll of identify {unknown}
Potions
 a - a potion of lignification
 e - 3 potions of berserk rage {unknown}


   Skills:
 + Level 1.6 Fighting
 + Level 2.4 Dodging
 + Level 3.3 Unarmed Combat
 * Level 3.5 Shapeshifting


You had 2 spell levels left.
You didn't know any spells.
Your spell library contained the following spells:

 Spells                   Type           Power      Damage    Failure   Level
 Call Imp                 Summ           0%         N/A       45%         2
 Mercury Vapours          Alch/Air       0%         N/A       45%         2
 Sublimation of Blood     Necr           0%         N/A       45%         2
 Mephitic Cloud           Conj/Alch/Air  0%         N/A       69%         3
 Freezing Cloud           Conj/Ice/Air   0%         6-21      100%        5
 Iskenderun's Battlesphe  Conj           0%         2d6       100%        5
 Bombard                  Conj/Erth      0%         9d1       100%        6
 Spellforged Servitor     Conj/Summ      0%         N/A       100%        7
 Summon Hydra             Summ           0%         N/A       100%        7


Dungeon Overview and Level Annotations

Branches:
Dungeon (3/15)

Altars:


Innate Abilities, Weirdness & Mutations

You are a hulking beast.
Your limbs bulge with bestial killing power. (Slay +2)
You cannot wear most types of armour.
You are amphibious.
You can wear up to eight rings at the same time.
Your skin changes colour to match your surroundings (Stealth+).
Your rubbery body absorbs attacks. (AC +1, EV +1)
((You are camouflaged when in or above water. (Stealth+)))
You have tentacles for arms and can constrict up to eight enemies at once.


Message History

m - 2 boomerangs Search for what [Enter for "."]? .
There is a stone staircase leading up here.
Things that are here:
a +0 short sword; a stone
n - a +0 short sword (weapon)
You drop a +0 dagger.
There is a stone staircase leading down here.
You climb downwards.
There is a stone staircase leading up here.
You climb upwards.
There is a stone staircase leading down here.
There is a stone staircase leading down here.
You climb downwards.
There is a stone staircase leading up here.
The helpless gnoll bouda fails to defend itself.
You hit the gnoll bouda. Your grab misses the gnoll bouda.
The gnoll bouda is lightly wounded.
The gnoll bouda hits you with a +0 whip.
The gnoll shouts!
The gnoll shouts!
The gnoll closely misses you. The gnoll barely misses you.
The gnoll bouda barks out a call to the hunt!
The gnolls pick up the pace!
The gnoll hits you from afar with a +0 spear.
You climb upwards.
There is a stone staircase leading down here.
You barely miss the gnoll. You grab the gnoll. You constrict the gnoll.
The gnoll hits you with a +0 whip of venom.
You are lethally poisoned!
The gnoll hits you with a +0 flail!
* * * LOW HITPOINT WARNING * * *
The gnoll bouda barely misses you.
You hit the gnoll but do no damage. You tentacle-slap the gnoll.
You squeeze the gnoll!
You kill the gnoll!
* * * LOW HITPOINT WARNING * * *
You feel very sick. The gnoll hits you with a +0 flail!
You die...

###.#.#.##..###
#.#(#.###...#
#.#.#.#####.########
###..................#
#.......(.....######.#
#.###.##.###..######.#
#.# #.##.# #.......#.#
#.###.##.# ##.####.#.#
.....(.#.####..gh)...#
..###...........g..###
#####.##.#####..#####
#.................#
#.#....#.###..###.#
#.###<.#.# #..# #.#
##.###..#.# #).# #.#
##...##..#.###..# #.#
#.....#.......).# #.#


You could see a gnoll bouda and a gnoll (swift).

Vanquished Creatures
  A gnoll (D:2)
  A ribbon worm (D:2)
  2 dart slugs (D:2)
  2 bats
  An endoplasm (D:1)
  2 giant cockroaches
  4 goblins
  4 hobgoblins
  4 jackals (D:2)
  2 quokkas (D:2)
  2 ball pythons (D:1)
  3 frilled lizards
  4 kobolds (D:2)
  7 rats
39 creatures vanquished.

Notes
Turn   | Place    | Note
-------+----------+-------------------------------------------
     0 | D:1      | Killerpretzel the Octopode Shapeshifter began the quest for
                  | the Orb.
     0 | D:1      | Reached XP level 1. HP: 13/13 MP: 1/1
   144 | D:1      | Reached XP level 2. HP: 16/18 MP: 2/2
   779 | D:2      | Reached XP level 3. HP: 12/23 MP: 3/3
  1501 | D:2      | HP: 1/23 [poisoned by a gnoll]
  1501 | D:2      | Mangled by a gnoll

Illustrated notes

Levels and vault maps discovered:
D:1:      evilmike_arrival_plus, layout_basic, corexii_item_surrounded_by_moat,
          st_stairs_6
D:2:      layout_loops_ring
D:3:      layout_rooms, nicolae_uskayaw_murder_on_the_dancefloor,
          grunt_dithmenos_smoke_and_mirrors, uniq_jessica, uniq_natasha

Action                     || total
---------------------------++-------
  Melee: Unarmed           ||    22
         Constrict         ||    18
         Dagger            ||    41
         Tentacles         ||     9
         Short sword       ||     3
         Punch             ||     2
   Stab: Sleeping          ||    17
 Armour: Skin              ||    24
  Dodge: Dodged            ||    32
